[ AOE2 MATCH · #505565787 ]
UnrankedCelts vs Lithuanians
Player's team · WIN
[ REPLAY ANALYSIS · EXTRACTED FROM THE RECORDED GAME ]
Feudal
10:14
Castle
25:59
Imperial
38:54
| APM avg | 24.6 |
| APM peak | 46 |
| eAPM avg | 13.8 |
| Villagers / military | 175 / 221 |
Focus
⚔️ 28.6% · 🌾 71.4%
Woad Raider ×109 · Spearman ×56 · Mangonel ×15 · Archer ×12 · Knight ×9 · Monk ×7
Feudal
11:22
Castle
22:09
Imperial
33:21
| APM avg | 42.6 |
| APM peak | 100 |
| eAPM avg | 22.4 |
| Villagers / military | 169 / 300 |
Focus
⚔️ 38.9% · 🌾 61.1%
Scout Cavalry ×112 · Leitis ×62 · Hand Cannoneer ×62 · Archer ×18 · Trebuchet (Packed) ×17 · Mangonel ×8
Match map
Initial resources + every placement click. Lines = walls · curves = elevation contours. ◆ gold · ⬟ stone · ● berries · ✦ relic · ◌ wall gap
Your base· Open — opponent sealed themselves in
pnharrel's base· ✓ Closed at 22:09 · 18t walls · 1 gate(s)
Smoothed initial terrain · ◌ = detected wall gap · hover for details
Inputs per minute
— Kinait - - pnharrel
Build order — Kinait
First 150 of 521 actions detected
| 0:00 | Queue | Villager (Male) |
| 0:01 | Queue | Villager (Male) |
| 0:01 | Queue | Villager (Male) |
| 0:02 | Build | House |
| 0:03 | Build | House |
| 0:10 | Queue | Villager (Male) |
| 0:11 | Queue | Villager (Male) |
| 1:27 | Queue | Villager (Male) |
| 1:44 | Build | House |
| 1:51 | Queue | Villager (Male) |
| 2:13 | Build | Lumber Camp |
| 2:27 | Queue | Villager (Male) |
| 2:41 | Queue | Villager (Male) |
| 3:02 | Queue | Villager (Male) |
| 3:30 | Queue | Villager (Male) |
| 3:50 | Queue | Villager (Male) |
| 4:17 | Build | Mill |
| 4:23 | Queue | Villager (Male) |
| 4:50 | Queue | Villager (Male) |
| 5:05 | Queue | Villager (Male) |
| 5:08 | Queue | Villager (Male) |
| 5:25 | Queue | Villager (Male) |
| 6:10 | Queue | Villager (Male) |
| 6:23 | Build | Barracks |
| 6:44 | Research | Loom |
| 6:47 | Build | House |
| 7:14 | Queue | Villager (Male) |
| 7:14 | Queue | Villager (Male) |
| 7:31 | Build | Mining Camp |
| 8:02 | Research | Feudal Age |
| 8:22 | Build | House |
| 8:39 | Queue | Militia |
| 8:39 | Queue | Militia |
| 9:03 | Queue | Militia |
| 9:41 | Build | House |
| 9:45 | Queue | Militia |
| 9:56 | Queue | Militia |
| 10:14 | Age | Feudal Age |
| 10:18 | Queue | Villager (Male) |
| 10:34 | Build | Watch Tower |
| 10:39 | Research | Man-at-Arms (upgrade) |
| 10:44 | Queue | Villager (Male) |
| 10:57 | Build | Blacksmith |
| 11:01 | Queue | Villager (Male) |
| 11:34 | Queue | Villager (Male) |
| 11:50 | Queue | Villager (Male) |
| 12:00 | Build | Archery Range |
| 12:08 | Build | Mining Camp |
| 12:11 | Queue | Villager (Male) |
| 12:29 | Queue | Villager (Male) |
| 12:32 | Research | Fletching |
| 12:38 | Queue | Villager (Male) |
| 12:49 | Queue | Archer |
| 12:51 | Build | House |
| 13:02 | Queue | Villager (Male) |
| 13:35 | Queue | Villager (Male) |
| 13:43 | Queue | Archer |
| 14:04 | Build | Watch Tower |
| 14:07 | Queue | Villager (Male) |
| 14:16 | Build | Dock |
| 14:20 | Build | Lumber Camp |
| 14:21 | Build | House |
| 14:22 | Queue | Villager (Male) |
| 14:35 | Queue | Archer |
| 14:51 | Build | Mill |
| 14:52 | Queue | Villager (Male) |
| 15:08 | Build | Watch Tower |
| 15:29 | Queue | Archer |
| 15:30 | Queue | Villager (Male) |
| 15:36 | Queue | Fishing Ship |
| 15:53 | Build | House |
| 16:21 | Queue | Archer |
| 16:32 | Queue | Villager (Male) |
| 16:38 | Build | Farm |
| 16:52 | Build | Watch Tower |
| 17:08 | Queue | Villager (Male) |
| 17:23 | Queue | Villager (Male) |
| 17:42 | Queue | Villager (Male) |
| 18:05 | Queue | Fishing Ship |
| 18:06 | Queue | Villager (Male) |
| 18:09 | Build | House |
| 18:10 | Build | House |
| 18:10 | Build | House |
| 18:25 | Queue | Archer |
| 18:26 | Queue | Archer |
| 18:42 | Queue | Militia |
| 18:44 | Queue | Villager (Male) |
| 18:48 | Build | Farm |
| 19:03 | Queue | Villager (Male) |
| 19:38 | Build | Watch Tower |
| 19:41 | Queue | Villager (Male) |
| 19:42 | Build | Farm |
| 19:44 | Build | Farm |
| 20:02 | Queue | Militia |
| 20:03 | Queue | Villager (Male) |
| 20:07 | Build | House |
| 20:35 | Queue | Villager (Male) |
| 20:38 | Research | Forging |
| 20:44 | Queue | Archer |
| 20:44 | Queue | Archer |
| 20:57 | Build | Farm |
| 20:58 | Build | Farm |
| 21:02 | Research | Double-Bit Axe |
| 21:06 | Research | Horse Collar |
| 21:10 | Build | Market |
| 21:28 | Build | Watch Tower |
| 22:05 | Queue | Villager (Male) |
| 22:08 | Build | Farm |
| 22:59 | Queue | Archer |
| 22:59 | Queue | Archer |
| 23:11 | Queue | Villager (Male) |
| 23:19 | Research | Castle Age |
| 23:25 | Build | Lumber Camp |
| 23:31 | Queue | Archer |
| 23:54 | Research | Scale Mail Armor |
| 25:10 | Build | Stable |
| 25:16 | Queue | Villager (Male) |
| 25:41 | Research | Gold Mining |
| 25:59 | Age | Castle Age |
| 26:02 | Build | Watch Tower |
| 26:02 | Queue | Knight |
| 26:03 | Queue | Villager (Male) |
| 26:05 | Research | Bodkin Arrow |
| 26:25 | Build | Gate |
| 26:31 | Queue | Knight |
| 26:34 | Build | House |
| 26:34 | Build | House |
| 26:36 | Queue | Villager (Male) |
| 26:54 | Build | Siege Workshop |
| 26:58 | Queue | Knight |
| 27:25 | Queue | Villager (Male) |
| 27:26 | Queue | Villager (Male) |
| 27:34 | Build | Castle |
| 27:41 | Queue | Mangonel |
| 28:01 | Research | Crossbowman (upgrade) |
| 28:17 | Queue | Villager (Male) |
| 28:28 | Queue | Battering Ram |
| 28:48 | Queue | Villager (Male) |
| 28:56 | Build | Fish Trap |
| 28:57 | Build | Fish Trap |
| 29:06 | Build | Monastery |
| 29:12 | Queue | Woad Raider |
| 29:13 | Queue | Woad Raider |
| 29:19 | Build | Farm |
| 29:19 | Build | Farm |
| 29:20 | Build | Farm |
| 29:21 | Build | Farm |
| 29:21 | Build | Farm |
| 29:25 | Build | Farm |
| 29:29 | Build | Farm |
Build order — pnharrel
First 150 of 712 actions detected
| 0:01 | Queue | Villager (Male) |
| 0:01 | Queue | Villager (Male) |
| 0:03 | Build | House |
| 0:05 | Build | House |
| 0:40 | Queue | Villager (Male) |
| 0:40 | Queue | Villager (Male) |
| 0:51 | Queue | Villager (Male) |
| 0:51 | Queue | Villager (Male) |
| 0:51 | Queue | Villager (Male) |
| 1:46 | Build | Lumber Camp |
| 2:08 | Queue | Villager (Male) |
| 2:08 | Queue | Villager (Male) |
| 2:08 | Queue | Villager (Male) |
| 2:40 | Queue | Villager (Male) |
| 2:40 | Queue | Villager (Male) |
| 3:01 | Queue | Villager (Male) |
| 3:02 | Queue | Villager (Male) |
| 3:02 | Queue | Villager (Male) |
| 3:49 | Build | House |
| 4:13 | Queue | Villager (Male) |
| 4:14 | Queue | Villager (Male) |
| 4:14 | Queue | Villager (Male) |
| 4:28 | Build | Dock |
| 4:58 | Build | Dock |
| 5:19 | Build | House |
| 5:23 | Queue | Villager (Male) |
| 5:40 | Queue | Fishing Ship |
| 5:40 | Queue | Fishing Ship |
| 5:49 | Build | Palisade Wall |
| 6:09 | Queue | Villager (Male) |
| 6:09 | Queue | Villager (Male) |
| 6:09 | Queue | Villager (Male) |
| 6:34 | Build | Palisade Gate |
| 6:43 | Queue | Fishing Ship |
| 6:43 | Queue | Fishing Ship |
| 7:08 | Queue | Villager (Male) |
| 7:08 | Queue | Villager (Male) |
| 7:08 | Queue | Villager (Male) |
| 7:22 | Build | House |
| 7:39 | Build | House |
| 8:11 | Build | House |
| 8:17 | Build | Barracks |
| 8:18 | Queue | Villager (Male) |
| 8:18 | Queue | Villager (Male) |
| 8:18 | Queue | Villager (Male) |
| 9:12 | Research | Feudal Age |
| 9:12 | Research | Feudal Age |
| 9:17 | Build | House |
| 9:45 | Build | Mining Camp |
| 10:03 | Queue | Militia |
| 10:03 | Queue | Militia |
| 10:04 | Queue | Militia |
| 10:04 | Queue | Militia |
| 10:08 | Build | House |
| 10:27 | Build | Mill |
| 10:41 | Queue | Fishing Ship |
| 10:41 | Queue | Fishing Ship |
| 10:58 | Build | House |
| 11:00 | Build | House |
| 11:04 | Build | House |
| 11:18 | Build | Palisade Wall |
| 11:22 | Age | Feudal Age |
| 11:39 | Research | Man-at-Arms (upgrade) |
| 11:57 | Build | Archery Range |
| 12:04 | Queue | Villager (Male) |
| 12:05 | Queue | Villager (Male) |
| 12:06 | Research | Loom |
| 12:41 | Queue | Villager (Male) |
| 12:41 | Queue | Villager (Male) |
| 12:54 | Queue | Archer |
| 12:54 | Queue | Archer |
| 12:57 | Queue | Skirmisher |
| 12:57 | Queue | Skirmisher |
| 13:30 | Build | Blacksmith |
| 13:37 | Queue | Archer |
| 13:37 | Queue | Archer |
| 13:44 | Queue | Villager (Male) |
| 13:44 | Queue | Villager (Male) |
| 13:55 | Queue | Villager (Male) |
| 13:55 | Queue | Villager (Male) |
| 13:55 | Queue | Villager (Male) |
| 14:10 | Queue | Galley |
| 14:38 | Queue | Villager (Male) |
| 14:39 | Queue | Villager (Male) |
| 14:53 | Research | Fletching |
| 15:07 | Queue | Villager (Male) |
| 15:07 | Queue | Villager (Male) |
| 15:07 | Queue | Villager (Male) |
| 15:07 | Queue | Villager (Male) |
| 15:18 | Queue | Archer |
| 15:19 | Queue | Archer |
| 15:32 | Queue | Villager (Male) |
| 15:32 | Queue | Villager (Male) |
| 15:35 | Build | Farm |
| 15:37 | Build | Farm |
| 15:45 | Research | Double-Bit Axe |
| 15:48 | Build | Farm |
| 15:50 | Build | Farm |
| 15:52 | Build | Farm |
| 15:53 | Build | Farm |
| 15:56 | Build | Farm |
| 16:17 | Queue | Villager (Male) |
| 16:17 | Queue | Villager (Male) |
| 16:18 | Queue | Villager (Male) |
| 16:18 | Queue | Villager (Male) |
| 16:35 | Queue | Skirmisher |
| 16:45 | Build | House |
| 16:48 | Research | Wheelbarrow |
| 17:13 | Build | Farm |
| 17:16 | Queue | Villager (Male) |
| 17:16 | Queue | Villager (Male) |
| 17:28 | Build | House |
| 17:30 | Build | House |
| 17:31 | Build | House |
| 17:56 | Queue | Skirmisher |
| 17:56 | Queue | Skirmisher |
| 17:56 | Queue | Skirmisher |
| 18:15 | Build | Market |
| 18:33 | Queue | Archer |
| 18:46 | Queue | Villager (Male) |
| 18:46 | Queue | Villager (Male) |
| 19:04 | Build | House |
| 19:08 | Build | Archery Range |
| 19:29 | Research | Castle Age |
| 19:58 | Build | Farm |
| 19:59 | Build | Farm |
| 20:02 | Build | Farm |
| 20:02 | Build | Farm |
| 20:02 | Build | Farm |
| 20:03 | Build | Farm |
| 20:03 | Build | Farm |
| 20:09 | Queue | Archer |
| 20:09 | Queue | Archer |
| 20:09 | Queue | Archer |
| 20:23 | Research | Horse Collar |
| 20:26 | Build | Farm |
| 20:35 | Research | Padded Archer Armor |
| 20:47 | Build | Farm |
| 21:33 | Queue | Archer |
| 22:09 | Age | Castle Age |
| 22:13 | Build | Siege Workshop |
| 22:27 | Research | Crossbowman (upgrade) |
| 22:40 | Research | Bodkin Arrow |
| 22:41 | Queue | Villager (Male) |
| 22:41 | Queue | Villager (Male) |
| 22:42 | Queue | Villager (Male) |
| 23:00 | Queue | Archer |
| 23:00 | Queue | Archer |
| 23:04 | Queue | Mangonel |
| 23:05 | Queue | Mangonel |
Match timeline
| 4:28 | pnharrel · first_building Dock |
| 5:49 | pnharrel · wall_segment Palisade Wall x17 |
| 6:23 | Kinait · first_building Barracks |
| 8:17 | pnharrel · first_building Barracks |
| 10:14 | Kinait · age_up feudal |
| 11:18 | pnharrel · wall_segment Palisade Wall x1 |
| 11:22 | pnharrel · age_up feudal |
| 11:57 | pnharrel · first_building Archery Range |
| 12:00 | Kinait · first_building Archery Range |
| 14:16 | Kinait · first_building Dock |
| 19:22 | pnharrel · first_market_buy 100 food |
| 22:09 | pnharrel · age_up castle |
| 22:13 | pnharrel · first_building Siege Workshop |
| 23:15 | Kinait · first_market_buy 100 food |
| 23:15 | Kinait · first_market_sell 500 wood |
| 25:10 | Kinait · first_building Stable |
| 25:59 | Kinait · age_up castle |
| 26:54 | Kinait · first_building Siege Workshop |
| 27:34 | Kinait · first_building Castle |
| 29:02 | pnharrel · first_building Monastery |
| 29:06 | Kinait · first_building Monastery |
| 29:14 | pnharrel · first_market_sell 100 wood |
| 29:32 | pnharrel · first_building Castle |
| 30:19 | Kinait · wall_segment Stone Wall x7 |
| 31:30 | pnharrel · first_building Stable |
| 33:21 | pnharrel · age_up imperial |
| 38:54 | Kinait · age_up imperial |
| 40:51 | Kinait · wall_segment Stone Wall x6 |
| 42:19 | Kinait · wall_segment Stone Wall x10 |
| 43:07 | Kinait · wall_segment Stone Wall x4 |
| 44:29 | Kinait · wall_segment Stone Wall x1 |
| 45:16 | Kinait · wall_segment Stone Wall x1 |
| 45:22 | Kinait · wall_segment Stone Wall x12 |
| 45:23 | Kinait · wall_segment Stone Wall x1 |
| 52:59 | Kinait · wall_segment Stone Wall x11 |
| 54:01 | Kinait · wall_segment Stone Wall x1 |
| 62:32 | Kinait · wall_segment Stone Wall x12 |
| 66:45 | Kinait · wall_segment Stone Wall x3 |
| 66:48 | Kinait · wall_segment Stone Wall x1 |
| 67:22 | Kinait · wall_segment Stone Wall x6 |
| 69:03 | Kinait · wall_segment Stone Wall x1 |
| 69:06 | Kinait · wall_segment Stone Wall x4 |
| 69:25 | Kinait · wall_segment Stone Wall x6 |
| 75:58 | pnharrel · resign |
[ AI ANALYSIS · 1 CREDIT ]
What really happened in this match?
Wolo.gg analyzes every decision: build order, eco, micro, common mistakes by bracket. Personalized analysis on WhatsApp or Discord in 30 seconds.
Civ guide
Celts
Perfil
Jugador #87898